 Dungeon Crawl Stone Soup version 0.30.0-18-gc0e69614cb (webtiles) character file.

Game seed: 1957647098768176378

342 ChrisAssaf the Chopper (level 6, -5/44 (51) HPs)
             Began as a Gnoll Reaver on May 25, 2023.
             Was a Follower of Nemelex Xobeh.
             Slain by a wight
             ... wielding a +0 morningstar
              (11 damage)
             ... on level 4 of the Dungeon.
             The game lasted 00:08:15 (2704 turns).

ChrisAssaf the Chopper (Gnoll Reaver)               Turns: 2704, Time: 00:08:15

HP:   -5/44 (51)    AC:  7    Str: 13    XL:     6   Next: 57%
MP:   3/14          EV: 11    Int: 13    God:    Nemelex Xobeh [*.....]
Gold: 96            SH:  0    Dex: 10    Spells: 8/15 levels left

rFire   + . .        m - +2 quarterstaff (chaos)
rCold   . . .        (shield currently unavailable)
rNeg    . . .        j - +2 ring mail {rF+}
rPois   .            (no helmet)
rElec   .            (no cloak)
rCorr   .            (no gloves)
SInv    .            (no boots)
Will    .....        (no amulet)
Stlth   +            (no ring)
HPRegen 0.27/turn    (no ring)
MPRegen 0.14/turn

%: no passive effects
@: heavily drained
A: fangs 1, strong nose, distributed training
a: Renounce Religion, Draw Escape, Draw Destruction, Draw Summoning


You were on level 4 of the Dungeon.
You worshipped Nemelex Xobeh.
Nemelex Xobeh was aware of your devotion.
You visited 1 branch of the dungeon, and saw 4 of its levels.

You collected 96 gold pieces.

Inventory:

Hand Weapons
 a - a +0 hand axe
 m - a +2 quarterstaff of chaos (weapon)
Armour
 b - a +0 leather armour
 j - a +2 ring mail of fire resistance (worn)
Scrolls
 f - a scroll of poison
 h - a scroll of noise
 i - 2 scrolls of teleportation
 k - a scroll of enchant weapon {unknown}
 o - 2 scrolls of torment {unknown}
 q - a scroll of vulnerability
 t - a scroll of fear {unknown}
 u - 2 scrolls of immolation {unknown}
Potions
 c - 2 potions of berserk rage {unknown}
 d - a potion of haste {unknown}
 g - 3 potions of curing {unknown}
 l - 2 potions of brilliance {unknown}
 n - a potion of lignification {unknown}
 p - 3 potions of degeneration {unknown}
 r - a potion of experience {unknown}


   Skills:
 + Level 5.0 Fighting
 + Level 2.1 Short Blades
 + Level 2.1 Long Blades
 + Level 6.9 Axes
 + Level 2.1 Maces & Flails
 + Level 2.1 Polearms
 + Level 2.1 Staves
 + Level 2.1 Ranged Weapons
 + Level 2.1 Throwing
 + Level 2.1 Armour
 + Level 5.0 Dodging
 + Level 2.1 Stealth
 + Level 2.1 Shields
 + Level 2.1 Unarmed Combat
 + Level 5.4 Spellcasting
 + Level 5.7 Conjurations
 + Level 1.6 Hexes
 + Level 1.6 Summonings
 + Level 1.6 Necromancy
 + Level 1.6 Translocations
 + Level 1.6 Transmutations
 + Level 1.6 Fire Magic
 + Level 1.6 Ice Magic
 + Level 1.6 Air Magic
 + Level 1.6 Earth Magic
 + Level 1.6 Poison Magic
 + Level 2.3 Invocations
 + Level 2.1 Evocations


You had 8 spell levels left.
You knew the following spells:

 Your Spells              Type           Power      Damage    Failure   Level
a - Kiss of Death         Conj/Necr      52%        2d9       9%          1
b - Momentum Strike       Conj/Tloc      26%        3d8       13%         2
c - Wereblood             Tmut           7%         N/A       28%         2
d - Searing Ray           Conj           36%        2d5       5%          2

Your spell library contained the following spells:

 Spells                   Type           Power      Damage    Failure   Level
 Hailstorm                Conj/Ice       13%        3d5       26%         3
 Cigotuvi's Dreadful Rot  Necr/Pois/Air  14%        N/A       28%         2
 Poisonous Vapours        Pois/Air       14%        N/A       28%         2
 Sublimation of Blood     Necr           7%         N/A       28%         2
 Gell's Gravitas          Tloc           7%         N/A       50%         3
 Teleport Other           Tloc           7%         N/A       50%         3
 Dispersal                Tloc           3%         N/A       100%        6
 Summon Hydra             Summ           3%         N/A       100%        7


Dungeon Overview and Level Annotations

Branches:
Dungeon (4/15)
 Temple: D:4-7

Altars:
Elyvilon
Nemelex Xobeh
Okawaru
Uskayaw


Innate Abilities, Weirdness & Mutations

You have very sharp teeth.
Your uncanny sense of smell can sniff out nearby items.
Your experience applies equally to all skills.


Message History

The wight hits you with a +0 morningstar!
Unknown command.
Casting: Momentum Strike (safe; 13% risk of failure)
Confirm with . or Enter, or press ? or * to list all spells.
Aiming: Momentum Strike (safe; 13% risk of failure)
Press: ? - help, Dir - move target, f/p - wight
Aim: a wight, wielding a +0 morningstar and wearing a +0 robe (lightly damaged, 71% to hit)
The concentrated momentum hits the wight but does no damage.
The wight is lightly damaged.
You are unable to move.
The wight hits you with a +0 morningstar!
You feel drained.
You barely miss the wight.
The wight is lightly damaged.
The wight hits you with a +0 morningstar.
You feel drained.
You hit the wight.
The wight is moderately damaged.
The wight barely misses you.
You closely miss the wight.
The wight is moderately damaged.
The wight hits you with a +0 morningstar.
You feel drained.
You closely miss the wight.
The wight is moderately damaged.
The wight hits you with a +0 morningstar!
* * * LOW HITPOINT WARNING * * *
You feel drained.
* * * LOW HITPOINT WARNING * * *
You hit the wight but do no damage. You bite the wight, but do no damage.
The wight is moderately damaged.
You are no longer robbed of momentum.
The wight hits you with a +0 morningstar.
* * * LOW HITPOINT WARNING * * *
You feel drained. The wight completely misses you.
You barely miss the wight.
The wight is moderately damaged.
The wight hits you with a +0 morningstar!
You die...
Your body disappears without a glow.

∆ ∆ ##########
#........####
#....@zo......
#........###.o
#........#
#.......)..
#..........).
#............
#..>.....###.
##########


You could see a wight and an orc.

Vanquished Creatures
  A scorpion (D:3)
  2 wights (D:4)
  Crazy Yiuf (D:2)
  Jessica (D:2)
  Natasha (twice) (D:2)
  An orc wizard (D:4)
  An adder (D:3)
  A worm (D:2)
  2 dart slugs
  2 orcs
  4 endoplasms
  2 giant cockroaches
  4 goblins (D:1)
  3 hobgoblins
  6 jackals (D:2)
  2 quokkas
  A bat (D:2)
  3 frilled lizards
  2 kobolds
  3 rats
44 creatures vanquished.

Notes
Turn   | Place    | Note
-------+----------+-------------------------------------------
     0 | D:1      | ChrisAssaf the Gnoll Reaver began the quest for the Orb.
     0 | D:1      | Reached XP level 1. HP: 20/20 MP: 6/6
   316 | D:1      | Reached XP level 2. HP: 25/26 MP: 7/7
   339 | D:1      | Learned a level 2 spell: Momentum Strike
   461 | D:2      | Noticed Jessica
   474 | D:2      | Killed Jessica
   475 | D:2      | Reached skill level 5 in Spellcasting
   475 | D:2      | Reached skill level 1 in Invocations
   475 | D:2      | Reached XP level 3. HP: 12/31 MP: 3/9
   584 | D:2      | Found a sparkling altar of Nemelex Xobeh.
   615 | D:2      | Became a worshipper of Nemelex Xobeh the Trickster
   735 | D:2      | Reached skill level 1 in Short Blades
   735 | D:2      | Reached skill level 1 in Long Blades
   735 | D:2      | Reached skill level 1 in Maces & Flails
   735 | D:2      | Reached skill level 1 in Polearms
   735 | D:2      | Reached skill level 1 in Staves
   735 | D:2      | Reached skill level 1 in Ranged Weapons
   735 | D:2      | Reached skill level 1 in Throwing
   735 | D:2      | Reached skill level 1 in Armour
   735 | D:2      | Reached skill level 1 in Stealth
   735 | D:2      | Reached skill level 1 in Shields
   735 | D:2      | Reached skill level 1 in Unarmed Combat
   735 | D:2      | Reached skill level 1 in Evocations
   911 | D:2      | Noticed Natasha
   918 | D:2      | Killed Natasha
   919 | D:2      | Reached XP level 4. HP: 32/36 MP: 9/11
   929 | D:2      | Reached skill level 1 in Hexes
   929 | D:2      | Reached skill level 1 in Summonings
   929 | D:2      | Reached skill level 1 in Necromancy
   929 | D:2      | Reached skill level 1 in Translocations
   929 | D:2      | Reached skill level 1 in Transmutations
   929 | D:2      | Reached skill level 1 in Fire Magic
   929 | D:2      | Reached skill level 1 in Ice Magic
   929 | D:2      | Reached skill level 1 in Air Magic
   929 | D:2      | Reached skill level 1 in Earth Magic
   929 | D:2      | Reached skill level 1 in Poison Magic
   962 | D:2      | Found a runed translucent door.
   963 | D:2      | Noticed Crazy Yiuf
   971 | D:2      | Killed Crazy Yiuf
  1162 | D:2      | Noticed Natasha
  1173 | D:2      | Killed Natasha
  1174 | D:2      | Reached XP level 5. HP: 22/40 MP: 4/12
  1638 | D:1      | Learned a level 2 spell: Wereblood
  2309 | D:3      | Found a white marble altar of Elyvilon.
  2309 | D:3      | Found an iron altar of Okawaru.
  2408 | D:3      | Identified the +1 plate armour of the Barracuda {rN+++
                  | Will+++ Int-4 Dex+4}
  2547 | D:3      | Reached * piety under Nemelex Xobeh
  2563 | D:3      | Received a gift from Nemelex Xobeh
  2565 | D:3      | Found a hide-covered altar of Uskayaw.
  2582 | D:3      | Identified a scroll of acquirement
  2583 | D:3      | Acquired The Wizard's Wisdom Continued
  2588 | D:3      | Learned a level 2 spell: Searing Ray
  2691 | D:4      | Reached XP level 6. HP: 50/50 MP: 5/14
  2694 | D:4      | Reached skill level 5 in Fighting
  2694 | D:4      | Reached skill level 5 in Dodging
  2704 | D:4      | Slain by a wight

Illustrated notes

Levels and vault maps discovered:
D:1:      matt_arrival_refuge, layout_basic
D:2:      layout_loops_ring, basic_altar, uniq_jessica, uniq_natasha,
          uniq_crazy_yiuf_cottage
D:3:      layout_basic, nicolae_uskayaw_suspiria,
          chequers_temple_overflow_statue_of_worship
D:4:      layout_rooms, nicolae_shop_i_like_small_books_too

Skill      XL: |  1  2  3  4  5  6 |
---------------+-------------------+-----
Spellcasting   | 5 |  5.4
Invocations    | 1 2 |  2.3
Short Blades   | 1 2 |  2.1
Long Blades    | 1 2 |  2.1
Maces & Flails | 1 2 |  2.1
Polearms       | 1 2 |  2.1
Staves         | 1 2 |  2.1
Ranged Weapons | 1 2 |  2.1
Throwing       | 1 2 |  2.1
Armour         | 1 2 |  2.1
Stealth        | 1 2 |  2.1
Shields        | 1 2 |  2.1
Unarmed Combat | 1 2 |  2.1
Evocations     | 1 2 |  2.1
Hexes          | 1 |  1.6
Summonings     | 1 |  1.6
Necromancy     | 1 |  1.6
Translocations | 1 |  1.6
Transmutations | 1 |  1.6
Fire Magic     | 1 |  1.6
Ice Magic      | 1 |  1.6
Air Magic      | 1 |  1.6
Earth Magic    | 1 |  1.6
Poison Magic   | 1 |  1.6
Fighting       | 5 |  5.0
Dodging        | 5 |  5.0
Axes           | |  6.9
Conjurations   | |  5.7

Action                     |  1- 3 |  4- 6 || total
---------------------------+-------+-------++-------
  Melee: Hand axe          |    91 |    10 ||   101
         Bite              |     6 |     7 ||    13
         Punch             |     1 |       ||     1
         Quarterstaff      |       |    46 ||    46
   Cast: Momentum Strike   |     6 |     9 ||    15
         Kiss of Death     |     2 |     1 ||     3
         Searing Ray       |       |     1 ||     1
  Evoke: Wand              |       |     2 ||     2
    Use: Scroll            |     3 |     5 ||     8
 Armour: Leather armour    |    10 |       ||    10
         Ring mail         |    10 |    23 ||    33
  Dodge: Dodged            |    62 |    38 ||   100
